 Dungeon Crawl Stone Soup version 0.28.0-43-g3370ac3207 (webtiles) character file.

Game seed: 55563684304584526

6 nickcage the Skirmisher (level 1, 0/20 HPs)
             Began as a Minotaur Abyssal Knight on Mar 22, 2022.
             Was an Initiate of Lugonu.
             Slain by a jackal (2 damage)
             ... on level 1 of the Dungeon.
             The game lasted 00:00:37 (50 turns).

nickcage the Skirmisher (Minotaur Abyssal Knight)     Turns: 50, Time: 00:00:38

Health: 0/20       AC:  3    Str: 17    XL:     1   Next: 75%
Magic:  1/1        EV: 11    Int:  7    God:    Lugonu [......]
Gold:   0          SH:  0    Dex: 10    Spells: 0/0 levels left

rFire   . . .      SeeInvis .   a - +1 falchion
rCold   . . .      Faith    .   (no shield)
rNeg    . . .      Spirit   .   b - +0 leather armour
rPois   .          Reflect  .   (helmet restricted)
rElec   .          Harm     .   (no cloak)
rCorr   .          Rampage  .   (no gloves)
Will    .....                   (no boots)
Stlth   +.........              (no amulet)
HPRegen 0.06/turn               (no ring)
MPRegen 0.07/turn               (no ring)

@: no status effects
A: horns 2, retaliatory headbutt
a: Renounce Religion


You were on level 1 of the Dungeon.
You worshipped Lugonu.
Lugonu was noncommittal.
You visited 1 branch of the dungeon, and saw 1 of its levels.
You visited the Abyss 1 time.

Inventory:

Hand Weapons
 a - a +1 falchion (weapon)
Armour
 b - a +0 leather armour (worn)


   Skills:
 - Level 4.0 Fighting
 + Level 2.6 Long Blades
 - Level 2.4 Armour
 - Level 1.1 Dodging
 - Level 1.8 Invocations


You couldn't memorise any spells.
You didn't know any spells.
Your spell library was empty.

Dungeon Overview and Level Annotations

Branches:
Dungeon (1/15)

Altars:


Innate Abilities, Weirdness & Mutations

You have a pair of horns on your head.
You reflexively headbutt those who attack you in melee.


Message History

The rat misses you. You furiously retaliate!
You headbutt the rat, but do no damage. The jackal bites you.
You miss the jackal. The jackal completely misses you.
The jackal bites you but does no damage. x2
The rat closely misses you. You furiously retaliate!
You headbutt the rat!
You kill the rat!
Lugonu accepts your kill. The jackal closely misses you. The jackal bites you.
You hit the jackal but do no damage. You headbutt the jackal.
You kill the jackal!
Lugonu accepts your kill. The jackal bites you. The jackal closely misses you.
You furiously retaliate!
You headbutt the jackal!
You kill the jackal!
Lugonu accepts your kill. The jackal closely misses you.
Your Fighting skill increases to level 4!
The endoplasm freezes you.
You are frozen.
The jackal closely misses you.
You see here a jackal corpse.
You hit the endoplasm.
The endoplasm is heavily wounded.
The endoplasm freezes you.
You are frozen.
* * * LOW HITPOINT WARNING * * *
You slash the endoplasm!
You kill the endoplasm!
Lugonu accepts your kill.
The jackal bites you but does no damage.
You barely miss the jackal.
The jackal bites you but does no damage.
The rat twitches its whiskers.
You closely miss the jackal. The jackal barely misses you.
The jackal bites you.
* * * LOW HITPOINT WARNING * * *
You barely miss the jackal.
The jackal bites you but does no damage.
You closely miss the jackal. The jackal barely misses you.
The jackal bites you.
You die...

.. #.# ...# ### #....
..# . ....########.#
.... #..>....@hg#.#
.... .
..##'''##r#.####... ..
#..#.....#.†...........
#[#..<..#†....#.#...#
#.#.....#.....#.#...##
#.#.....#.............
# ##+++##.............
.................
#........(........


You could see a jackal, a goblin and a rat.

Vanquished Creatures
  An endoplasm (D:1)
  3 jackals (D:1)
  A rat (D:1)
5 creatures vanquished.

Notes
Turn   | Place    | Note
-------+----------+-------------------------------------------
     0 | Abyss:1  | nickcage the Minotaur Abyssal Knight began the quest for
                  | the Orb.
     0 | Abyss:1  | Reached XP level 1. HP: 19/19 MP: 1/1
     1 | D:1      | Escaped the Abyss
    42 | D:1      | Reached skill level 4 in Fighting
    50 | D:1      | Slain by a jackal

Illustrated notes

Levels and vault maps discovered:
D:1:      dpeg_arrival_windows_large_door, layout_basic,
          shapermc_ecumenical_altar_gd

Skill      XL: |  1 |
---------------+----+-----
Fighting       | 4 |  4.0
Long Blades    | |  2.6
Armour         | |  2.4
Dodging        | |  1.1
Invocations    | |  1.8

Action                   || total
-------------------------++-------
Melee: Falchion          ||    15
       Headbutt          ||     2
Invok: Depart the Abyss  ||     1
Armor: Leather armour    ||    15
Dodge: Dodged            ||    23
